 Dungeon Crawl Stone Soup version 0.17-a0-1515-gfae3d72 (webtiles) character file.

2794 mrath the Chucker (level 9, -4/87 HPs)
             Began as a Troll Hunter on July 11, 2015.
             Was a Believer of Qazlal.
             Slain by a warg (10 damage)
             ... on level 8 of the Dungeon on July 12, 2015.
             The game lasted 01:41:56 (7623 turns).

mrath the Chucker (Troll Hunter)                    Turns: 7623, Time: 01:41:56

Health: -4/87      AC:  7    Str: 25    XL:     9   Next: 43%
Magic:  8/8        EV: 11    Int:  7    God:    Qazlal [**....]
Gold:   479        SH:  3    Dex: 10    Spells: 0 memorised, 8 levels left

rFire  . . .     SeeInvis .       - Unarmed
rCold  . . .     Clarity  .     d - +2 robe
rNeg   + . .     SustAt   .     (no shield)
rPois  .         Gourm    +     (helmet restricted)
rElec  .         Spirit   .     (no cloak)
rCorr  .         Warding  .     (gloves unavailable)
rMut   .         Stasis   .     (boots unavailable)
MR     .....                    (no amulet)
Stlth  +.........               (no ring)
                                p - ring of positive energy

@: not resistant to hostile enchantments, very unstealthy
A: unfitting armour, claws 3, fast metabolism 3, gourmand, regeneration 2,
shaggy fur 1, tough skin 2
a: Upheaval, Renounce Religion


You were on level 8 of the Dungeon.
You worshipped Qazlal.
Qazlal was pleased with you.
You were not hungry.

You visited 2 branches of the dungeon, and saw 9 of its levels.
You also visited: Ossuary.

You collected 479 gold pieces.

Inventory:

Hand weapons
 c - a +1 dagger of speed
 m - a +1 hunting sling of flaming
 s - a +0 whip of freezing
 x - a +1 falchion of slicing
 y - a +0 hunting sling of freezing
 B - a +1 antimagic hand axe
 G - a +3 spear
 H - a +1 hand axe of electrocution
 J - a +4 shortbow of flaming
 L - a +2 scythe of flaming
 R - a +2 short sword of venom
 T - a +2 great sword
 Y - a +0 blowgun
Missiles
 a - 3 large rocks
 b - 3 throwing nets
 f - 57 arrows
 h - 312 stones
 v - 28 sling bullets
 A - 2 tomahawks
 C - 3 javelins (quivered)
 E - 38 bolts
 S - a steel sling bullet
 W - 6 poisoned needles
Armour
 d - a +2 robe (worn)
Jewellery
 p - a ring of positive energy (left claw)
Magical devices
 n - a wand of magic darts (26)
 K - a wand of frost (20)
Scrolls
 j - a scroll of vulnerability {unknown}
 o - a scroll of recharging
 u - 5 scrolls of identify
 w - 3 scrolls of remove curse
 D - a scroll of brand weapon
 P - a scroll of magic mapping
 V - 2 scrolls of fear {unknown}
 Z - a scroll of teleportation
Potions
 g - 2 potions of lignification {unknown}
 r - 2 potions of ambrosia
 t - 6 potions of curing
 z - 2 potions of brilliance {unknown}
 F - 2 potions of might {unknown}
 I - a potion of invisibility {unknown}
 N - 2 potions of degeneration {unknown}
 Q - a potion of magic {unknown}
 U - a potion of flight {unknown}
 X - a potion of beneficial mutation {unknown}
Books
 i - a book of the Earth

   Spells                             Type                      Level
   a - Leda's Liquefaction            Hexes/Earth                  4
   b - Bolt of Magma                  Conjuration/Fire/Earth       5
   c - Statue Form                    Transmutation/Earth          6
   d - Iron Shot                      Conjuration/Earth            6
   e - Shatter                        Earth                        9
Comestibles
 e - 7 bread rations
 k - 2 meat rations
 l - 4 fruits
 M - a beef jerky


   Skills:
 + Level 4.9 Fighting
 - Level 0.2 Short Blades
 - Level 1.3(3.7) Slings
 + Level 7.4(7.5) Throwing
 + Level 5.8 Dodging
 + Level 3.2 Stealth
 - Level 3.2 Unarmed Combat


You had 8 spell levels left.
You didn't know any spells.

Dungeon Overview and Level Annotations

Branches:
Dungeon (8/15)             Temple (1/1) D:4            Lair (0/8) D:8

Altars:
Ashenzari
Cheibriados
Elyvilon
Fedhas
Gozag
Kikubaaqudgha
Makhleb
Nemelex Xobeh
Okawaru
Qazlal
Ru
Sif Muna
Trog
Vehumet
Xom
Yredelemnul
Zin
The Shining One


Innate Abilities, Weirdness & Mutations

You are too large for most types of armour.
You have claws for hands.
Your metabolism is lightning-fast.
You like to eat raw meat.
You heal very quickly.
You are covered in fur (AC +1).
You have very tough skin (AC +2).


Message History

The warg bites you.
* * * LOW HITPOINT WARNING * * *
You claw the warg!
The warg is almost dead.
The orc priest complains loudly.
The warg bites you but does no damage.
Read which item? (? for menu, Esc to quit)
As you read the scroll of fog, it crumbles to dust.
The scroll dissolves into smoke.
You block the warg's attack. The warg bites you!
* * * LOW HITPOINT WARNING * * *
Found a staircase to the Lair.
The warg completely misses you. The warg bites you.
* * * LOW HITPOINT WARNING * * *
The warg closely misses you.
The warg is no longer bleeding.
The warg bites you.
* * * LOW HITPOINT WARNING * * *
The warg bites you but does no damage. The warg bites you!
You die...

..# .## . ..## #..
.###.# .<.## #.##
..#.# #...## #..#
...###.
###..###..####..(..#
##.......##).....#
#.........#...#
#....##.oo##..##
....##..##§o###.@.##
...#
#.####§##..hh.## ..#
..# #§#.......# ..
#..# #§#o......#. .
...# #§#§...........
.... §.#............
...$......>........
##.................
##.........P......


You could see 2 wargs and an orc priest.

Vanquished Creatures
  Pikel (D:6)
  Sigmund (D:6)
  A warg (D:8)
  A sky beast (D:5)
  A phantom (D:3)
  2 orc warriors
  A centaur (D:5)
  An eye of draining (D:3)
  2 scorpions
  4 wights (D:6)
  A jelly (D:5)
  2 crimson imps
  2 centaur zombies (D:5)
  2 human zombies (Ossuary)
  A giant frog zombie (D:6)
  An iguana (D:7)
  2 hounds (D:4)
  4 orc priests
  A centaur skeleton (D:5)
  A giant frog skeleton (D:7)
  3 orc wizards
  10 worker ants
  A hound skeleton (D:5)
  6 mummies (Ossuary)
  A worker ant zombie (D:5)
  7 gnolls
  6 adders
  2 oozes
  2 adder zombies (D:5)
  An adder skeleton (D:6)
  A worm (D:3)
  20 orcs
  A bat skeleton (D:5)
  9 giant cockroaches
  2 gnoll zombies (Ossuary)
  10 hobgoblins
  2 jackals (D:3)
  10 kobolds
  4 quokkas
  5 ball pythons
  A ball python skeleton (D:5)
  24 bats
  A giant cockroach zombie (D:5)
  8 giant geckos
  5 giant newts
  9 goblins
  2 goblin zombies (Ossuary)
  A kobold zombie (Ossuary)
  14 rats
  A plant (D:4)
201 creatures vanquished.

Vanquished Creatures (others)
  A worker ant (D:6)
1 creature vanquished.

Grand Total: 202 creatures vanquished

Notes
Turn   | Place    | Note
--------------------------------------------------------------
     0 | D:1      | mrath the Troll Hunter began the quest for the Orb.
     0 | D:1      | Reached XP level 1. HP: 19/19 MP: 0/0
   283 | D:1      | Reached skill level 4 in Throwing
   349 | D:1      | Reached XP level 2. HP: 27/27 MP: 1/1
  1104 | D:2      | Reached XP level 3. HP: 29/33 MP: 2/2
  1225 | D:2      | Reached skill level 1 in Unarmed Combat
  1426 | D:2      | Reached XP level 4. HP: 42/42 MP: 3/3
  2058 | D:3      | Noticed a phantom
  2142 | D:3      | Killed a phantom
  2142 | D:3      | Reached XP level 5. HP: 40/49 MP: 4/4
  2205 | D:3      | Found a faded altar to an unknown god.
  2346 | D:3      | Reached skill level 1 in Stealth
  2752 | D:3      | Found a bloodstained altar of Trog.
  2752 | D:3      | Noticed an eye of draining
  2830 | D:3      | Killed an eye of draining
  2830 | D:3      | Reached XP level 6. HP: 57/59 MP: 5/5
  3049 | D:4      | Found a staircase to the Ecumenical Temple.
  3092 | D:4      | Reached skill level 5 in Throwing
  3205 | Temple   | Entered the Ecumenical Temple
  3248 | Temple   | Upgraded the game from 0.17-a0-1510-gb3fb22e to 0.17-a0-1515-gfae3d72
  3280 | Temple   | Became a worshipper of Qazlal Stormbringer
  3820 | D:4      | Found a sacrificial altar of Ru.
  3876 | D:5      | Entered Level 5 of the Dungeon
  3883 | D:5      | Reached XP level 7. HP: 66/66 MP: 6/6
  3986 | D:5      | Found a glowing golden altar of the Shining One.
  4024 | D:5      | Found a glowing drain.
  4535 | D:5      | Reached skill level 1 in Slings
  4737 | D:5      | Acquired Qazlal's first power
  4740 | D:5      | Reached skill level 6 in Throwing
  4844 | D:5      | Reached XP level 8. HP: 67/75 MP: 7/7
  5212 | D:6      | Noticed Sigmund
  5235 | D:6      | Killed Sigmund
  5240 | D:6      | Found a sand-covered staircase.
  5316 | Ossuary  | Entered an ossuary
  5995 | D:6      | Noticed Pikel
  6021 | D:6      | Killed Pikel
  6021 | D:6      | Reached skill level 5 in Dodging
  6021 | D:6      | Reached XP level 9. HP: 45/84 MP: 8/8
  6198 | D:6      | Acquired Qazlal's second power
  6482 | D:6      | Reached skill level 7 in Throwing
  6727 | D:6      | Found a burning altar of Makhleb.
  6783 | D:7      | Found an ancient bone altar of Kikubaaqudgha.
  6816 | D:7      | Found an opulent altar of Gozag.
  7615 | D:8      | Found a staircase to the Lair.
  7623 | D:8      | Slain by a warg

Vault maps used:
D:1:      dpeg_arrival_three_same_balls, st_stairs_10, minmay_fountain_box
D:2:      minmay_door_path, nrook_loot_triangle
D:3:      ecumenical_altar_1, hangedman_decor_lopped, trog_eyes_of_draining
D:4:      minmay_temple_entry_junction2, nicolae_ru_the_path_less_chosen
D:5:      lemuel_crystal_altar, portal_sewer_entry_f, serial_undead,
          serial_undead_c, serial_undead_b, serial_undead_a, serial_undead_f,
          first_bread
D:6:      lightli_temple_of_fire, nicolae_ossuary_entry_plus, uniq_sigmund,
          uniq_pikel
D:7:      grunt_dithmenos_shadows, basic_altar, nicolae_gozag_seed_capital
D:8:      erik_lair_orcish_takeover, serial_shops, shop, uniq_erica
Temple:   lightli_temple_of_artemis
Ossuary:  ossuary_crypta

Action                   |  1- 3 |  4- 6 |  7- 9 || total
-------------------------+-------+-------+-------++-------
Melee: Unarmed           |   119 |   169 |   197 ||   485
       Dagger            |       |     2 |     1 ||     3
       Short sword       |       |       |   101 ||   101
       Great sword       |       |       |     3 ||     3
 Fire: Hunting sling     |       |       |    84 ||    84
       Shortbow          |       |       |     1 ||     1
       Blowgun           |       |       |    30 ||    30
Throw: Tomahawk          |    18 |    42 |       ||    60
       Large rock        |       |    12 |     4 ||    16
       Javelin           |       |    11 |    46 ||    57
  Use: Scroll            |     5 |     2 |    10 ||    17
       Potion            |       |       |     6 ||     6
 Stab: Sleeping          |       |     1 |       ||     1
  Eat: Chunk             |    17 |    21 |    29 ||    67
